 Dungeon Crawl Stone Soup version 0.30.0-13-g156ef70053 (webtiles) character file.

Game seed: 11894318812495329512

2062 javelincjr the Firebug (level 9, -4/65 HPs)
             Began as a Demonspawn Fire Elementalist on May 16, 2023.
             Was a Priest of Vehumet.
             Slain by a killer bee (6 damage)
             ... on level 5 of the Dungeon on May 17, 2023.
             The game lasted 00:33:07 (6229 turns).

javelincjr the Firebug (DsFE)                       Turns: 6229, Time: 00:33:08

Health: -4/65      AC:  2    Str: 14    XL:     9   Next: 5%
Magic:  6/16       EV: 14    Int: 21    God:    Vehumet [***...]
Gold:   280        SH:  0    Dex: 14    Spells: 14/17 levels left

rFire   + . .        l - +2 hand axe (vamp)
rCold   . . .        (no shield)
rNeg    . . .        a - +0 robe
rPois   .            (no helmet)
rElec   .            s - scarf {shadows}
rCorr   .            (no gloves)
SInv    .            (no boots)
Will    .....        (no amulet)
Stlth   ++           k - ring of protection from fire
HPRegen 0.30/turn    m - +6 ring of strength
MPRegen 0.15/turn

%: no passive effects
@: lethally poisoned (-4 -> -10)
A: ignite blood 1, sturdy frame 3
a: Renounce Religion


You were on level 5 of the Dungeon.
You worshipped Vehumet.
Vehumet was most pleased with you.
You visited 2 branches of the dungeon, and saw 6 of its levels.

You collected 280 gold pieces.

Inventory:

Hand Weapons
 l - a +2 vampiric hand axe (weapon)
Armour
 a - a +0 robe (worn)
 s - a scarf of shadows (worn)
Jewellery
 k - a ring of protection from fire (left hand)
 m - a +6 ring of strength (right hand)
Wands
 n - a wand of flame (20)
 q - a wand of roots (13)
Scrolls
 e - a scroll of fog {unknown}
 g - 3 scrolls of immolation
 h - 2 scrolls of blinking
 t - a scroll of fear
Potions
 b - 2 potions of magic
 c - 3 potions of attraction
 d - 2 potions of curing
 f - 2 potions of flight {unknown}
 i - a potion of ambrosia {unknown}
 j - 2 potions of mutation {unknown}
 o - a potion of brilliance {unknown}
 p - a potion of might {unknown}
 r - 3 potions of degeneration


   Skills:
 + Level 3.9 Fighting
 + Level 3.6 Armour
 + Level 4.8 Dodging
 - Level 3.1 Stealth
 + Level 4.8 Spellcasting
 + Level 5.0 Conjurations
 + Level 5.2 Fire Magic


You had 14 spell levels left.
You knew the following spells:

 Your Spells              Type           Power      Damage    Failure   Level
a - Foxfire               Conj/Fire      100%       2x1d9     1%          1
b - Scorch                Fire           54%        2d7       1%          2

Your spell library contained the following spells:

 Spells                   Type           Power      Damage    Failure   Level
 Mephitic Cloud           Conj/Pois/Air  12%        N/A       4%          3
 Inner Flame              Hex/Fire       16%        N/A       3%          3
 Volatile Blastmotes      Fire/Tloc      32%        2d12      3%          3
 Flame Wave               Conj/Fire      26%        2d8       3%          4
 Iskenderun's Battlesphe  Conj           26%        2d8       11%         5
 Portal Projectile        Hex/Tloc       10%        N/A       32%         3
 Tukima's Dance           Hex            5%         N/A       32%         3
 Iron Shot                Conj/Erth      7%         9d2       80%         6
 Blade Hands              Tmut           2%         N/A       97%         5
 Spellforged Servitor     Conj/Summ      7%         N/A       99%         7


Dungeon Overview and Level Annotations

Branches:
Dungeon (5/15)             Temple (1/1) D:4

Altars:
Ashenzari
Cheibriados
Dithmenos
Fedhas
Hepliaklqana
Ru
Sif Muna
Vehumet
Yredelemnul

Shops:
D:2 [[[


Innate Abilities, Weirdness & Mutations

Your demonic aura sometimes causes spilled blood to erupt in flames.
Your movements are significantly less encumbered by armour. (ER -6)


Message History

Confirm with . or Enter, or press ? or * to list all spells.
Flames lash the killer bee.
You kill the killer bee!
Vehumet accepts your kill.
You feel your power returning. The killer bee barely misses you.
The killer bee misses you. The killer bee closely misses you.
The killer bee stings you. x2
Casting: Scorch (safe; 1% risk of failure)
Confirm with . or Enter, or press ? or * to list all spells.
Flames lash the killer bee.
The killer bee is heavily wounded.
The killer bee's fire resistance burns away.
The killer bee is no longer more vulnerable to fire.
The killer bee barely misses you. The killer bee closely misses you.
The killer bee stings you! x3; The killer bee stings you.
You are poisoned.
The killer bee poisons you!
The killer bee attacks as you move away!
The killer bee misses you.
You feel very sick. The killer bee stings you!
* * * LOW HITPOINT WARNING * * *
The killer bee stings you.
* * * LOW HITPOINT WARNING * * *
Casting: Scorch (safe; 1% risk of failure)
Confirm with . or Enter, or press ? or * to list all spells.
Flames lash the killer bee.
The killer bee is burned terribly!
You kill the killer bee!
Vehumet accepts your kill.
You feel your power returning.
You feel sick.
The killer bee is no longer more vulnerable to fire.
The killer bee stings you!
* * * LOW HITPOINT WARNING * * *
The killer bee closely misses you. x2
Your Conjurations skill increases to level 5!
You feel better. The killer bee stings you!
* * * LOW HITPOINT WARNING * * *
You are lethally poisoned!
The killer bee poisons you! The killer bee stings you.
You die...

..................#
.#
.................#
#.#
####.......###...##
#... #......##
##...##....
#......# ##......#
#......# #.....##
#.......# #....##
#.........# ##...#
#......##...#@°..#
#..y.y..# ###.....#
#......# #........
.....##.. #.....#
#. ......#


You could see 2 killer bees.

Vanquished Creatures
  Sigmund (D:2)
  Eustachio (D:4)
  Menkaure (D:4)
  3 black bears (D:5)
  2 ogres
  2 phantoms
  A kobold brigand (D:5)
  4 scorpions
  2 killer bees (D:5)
  4 hounds (D:4)
  An orc priest (D:3)
  A gnoll bouda (D:4)
  2 jellies
  Terence (D:2)
  2 iguanas
  7 adders
  14 gnolls
  2 ufetubi
  5 worms
  5 orcs
  3 ball pythons
  6 bats
  5 endoplasms
  2 giant cockroaches (D:1)
  3 goblins
  10 hobgoblins
  10 jackals
  7 quokkas
  3 frilled lizards
  15 kobolds
  2 rats (D:2)
127 creatures vanquished.

Vanquished Creatures (collateral kills)
  4 foxfires (D:4)
4 creatures vanquished.

Vanquished Creatures (others)
  2 orc wizards (D:3)
  351 foxfires
353 creatures vanquished.

Grand Total: 484 creatures vanquished

Notes
Turn   | Place    | Note
-------+----------+-------------------------------------------
     0 | D:1      | javelincjr the Demonspawn Fire Elementalist began the quest
                  | for the Orb.
     0 | D:1      | Reached XP level 1. HP: 13/13 MP: 3/3
    93 | D:1      | Gained mutation: Your movements are slightly less
                  | encumbered by armour. (ER -2) [demonic ancestry]
    93 | D:1      | Reached XP level 2. HP: 10/19 MP: 0/5
   244 | D:1      | Found a faded altar of an unknown god.
   259 | D:1      | Prayed at the altar of an unknown god.
   259 | D:1      | Became a worshipper of Vehumet
   259 | D:1      | Reached * piety under Vehumet
   259 | D:1      | Offered knowledge of Magic Dart by Vehumet.
   644 | D:1      | Upgraded the game from 0.30.0-11-gf55b779eaf to
                  | 0.30.0-13-g156ef70053
   658 | D:1      | Reached XP level 3. HP: 24/24 MP: 0/6
  1117 | D:2      | Found a transporter.
  1117 | D:2      | Found Pos Ezena's Armour Boutique.
  1120 | D:2      | Found a transporter.
  1220 | D:2      | Learned a level 2 spell: Scorch
  1355 | D:2      | Noticed Sigmund
  1364 | D:2      | Found Axtal's Antique Armour Emporium.
  1367 | D:2      | Killed Sigmund
  1368 | D:2      | Gained mutation: Your movements are less encumbered by
                  | armour. (ER -4) [demonic ancestry]
  1368 | D:2      | Reached XP level 4. HP: 14/30 MP: 0/8
  1368 | D:2      | Reached XP level 5. HP: 16/35 MP: 0/9
  1461 | D:2      | Found Coxzoteo's Armour Shop.
  1759 | D:2      | Offered knowledge of Freeze by Vehumet.
  2012 | D:2      | Noticed Terence
  2018 | D:2      | Killed Terence
  2018 | D:2      | Reached ** piety under Vehumet
  2456 | D:3      | Reached XP level 6. HP: 39/42 MP: 1/10
  3292 | D:3      | Found a shimmering blue altar of Sif Muna.
  3645 | D:4      | Noticed Eustachio
  3658 | D:4      | Reached skill level 1 in Fighting
  3658 | D:4      | Reached skill level 1 in Armour
  3674 | D:4      | Killed Eustachio
  3675 | D:4      | Reached XP level 7. HP: 42/48 MP: 2/12
  3824 | D:4      | Found a staircase to the Ecumenical Temple.
  3834 | Temple   | Entered the Ecumenical Temple
  3971 | D:4      | Noticed Menkaure
  4001 | D:4      | Killed Menkaure
  4193 | D:4      | Offered knowledge of Dazzling Flash by Vehumet.
  4456 | D:4      | Gained mutation: Your demonic aura sometimes causes spilled
                  | blood to erupt in flames. [demonic ancestry]
  4456 | D:4      | Reached XP level 8. HP: 41/57 MP: 2/14
  4781 | D:4      | Reached *** piety under Vehumet
  5400 | D:5      | Entered Level 5 of the Dungeon
  5822 | D:5      | Reached skill level 5 in Fire Magic
  5826 | D:5      | Noticed a slime creature
  6039 | D:5      | Offered knowledge of Mephitic Cloud by Vehumet.
  6048 | D:5      | Gained mutation: Your movements are significantly less
                  | encumbered by armour. (ER -6) [demonic ancestry]
  6048 | D:5      | Reached XP level 9. HP: 65/65 MP: 6/16
  6229 | D:5      | Reached skill level 5 in Conjurations
  6229 | D:5      | HP: 2/65 [killer bee (7)]
  6229 | D:5      | Slain by a killer bee

Illustrated notes

Levels and vault maps discovered:
D:1:      heliophobic_arrival_ceremonial_halls, layout_rooms,
          ebering_ecumenical_altar_petrified
D:2:      layout_basic, serial_shops, nicolae_shop_drivethru,
          nicolae_shop_rolling_square, nicolae_shop_statue_plus,
          minmay_misc_feat_rows, st_stairs_2, chequers_serial_rivers_room_a,
          kennysheep_generic_room_12, uniq_sigmund, uniq_terence
D:3:      layout_basic, led_sif_book
D:4:      layout_basic, temple_pool_b, gup_sewer_entry_glass,
          dreamdust_gnoll_farm, uniq_eustachio, uniq_menkaure
D:5:      cheibrodos_fertilizer, layout_layer_cave, lemuel_tele_altar
Temple:   nicolae_temple_ecumenical_triangle

Skill      XL: |  1  2  3  4  5  6  7  8  9 |
---------------+----------------------------+-----
Stealth        | 2 3 |  3.1
Dodging        | 2 3 4 |  4.8
Fire Magic     | 3 4 5 |  5.2
Spellcasting   | 3 4 |  4.8
Conjurations   | 2 3 4 5 |  5.0
Fighting       | 1 2 3 |  3.9
Armour         | 1 2 3 |  3.6

Action                     |  1- 3 |  4- 6 |  7- 9 || total
---------------------------+-------+-------+-------++-------
  Melee: Dagger            |    32 |       |       ||    32
         Hand axe          |     3 |    18 |     8 ||    29
   Cast: Foxfire           |    55 |    59 |    98 ||   212
         Scorch            |     2 |    27 |    64 ||    93
    Use: Scroll            |       |       |     8 ||     8
         Potion            |       |       |     1 ||     1
 Armour: Robe              |     7 |     8 |     2 ||    17
  Dodge: Dodged            |    34 |    32 |    53 ||   119
